 Dungeon Crawl Stone Soup version 0.29-a0-234-g0dae59b3db (webtiles) character file.

Game seed: 8590779599998459609

6576 spaghetti the Archer (level 10, -11/78 HPs)
             Began as a Demigod Hunter on Mar 2, 2022.
             Mangled by a two-headed ogre
             ... wielding a +0 giant club
              (21 damage)
             ... on level 10 of the Dungeon.
             The game lasted 00:20:07 (11689 turns).

spaghetti the Archer (Demigod Hunter)              Turns: 11689, Time: 00:20:08

Health: -11/78     AC:  9    Str: 17    XL:     10   Next: 43%
Magic:  21/22      EV: 12    Int: 33    God:
Gold:   398        SH:  0    Dex: 16    Spells: 11/21 levels left

rFire   . . .      SeeInvis .   b - +2 spear (venom) {polearm}
rCold   . . .      Faith    .   (no shield)
rNeg    . . .      Spirit   .   I - +0 steam dragon scales
rPois   .          Reflect  .   l - +1 helmet
rElec   .          Harm     .   i - +0 cloak
rCorr   .          Rampage  .   A - +0 pair of gloves
Will    ++...                   (no boots)
Stlth   +++.......              (no amulet)
HPRegen 0.23/turn               g - +6 ring of intelligence
MPRegen 0.18/turn               t - +6 ring of intelligence

@: no status effects
A: high MP 1, forlorn, divine attributes, hooves 1, thin skeletal structure 1,
strong-willed 1, wild magic 1
a: no special abilities


You were on level 10 of the Dungeon.
You visited 1 branch of the dungeon, and saw 10 of its levels.

You collected 452 gold pieces.
You spent 54 gold pieces at shops.


Innate Abilities, Weirdness & Mutations

You have an increased reservoir of magic. (+10% MP)
You shall have no god before yourself.
Your divine heritage dramatically boosts your attributes as you level up.
You have large cloven feet.
You have a somewhat thin skeletal structure. (Dex +2, Stealth+)
You are strong-willed. (Will+)
Your spells are a little harder to cast, but a little more powerful.


   Skills:
 - Level 3.7 Fighting
 - Level 8.0 Bows
 - Level 1.7 Dodging
 - Level 0.8 Stealth
 - Level 6.0 Spellcasting
 - Level 3.0 Hexes
 + Level 6.9 Summonings
 - Level 3.0 Translocations
 + Level 6.9 Earth Magic


You had 11 spell levels left.
You knew the following spells:

 Your Spells              Type           Power      Damage    Failure   Level
a - Stone Arrow           Conj/Erth      84%        3d12      5%          3
b - Portal Projectile     Hex/Tloc       76%        N/A       6%          3
c - Animate Armour        Summ/Erth      100%       N/A       4%          4

Your spell library contained the following spells:

 Spells                   Type           Power      Damage    Failure   Level
 Call Canine Familiar     Summ           64%        N/A       1%          3
 Leda's Liquefaction      Hex/Erth       27%        N/A       9%          4
 Lehudib's Crystal Spear  Conj/Erth      21%        10d6      100%        8

Inventory:

Hand Weapons
 a - a +3 shortbow {bow}
   (You took it off a centaur on level 10 of the Dungeon)
 b - a +2 spear of venom (weapon) {polearm}
   (You took it off a gnoll on level 1 of the Dungeon)
 f - a +2 spear {polearm}
   (You took it off a wight on level 9 of the Dungeon)
 n - a +2 dagger {short}
   (You took it off a wight on level 9 of the Dungeon)
 y - a +7 dire flail of protection {mace}
   (You took it off Edmund on level 4 of the Dungeon)
Missiles
 e - 231 stones {throwing}
 w - 34 poisoned darts {throwing}
 H - 8 boomerangs {throwing}
Armour
 i - a +0 cloak (worn)
   (You bought it in a shop on level 2 of the Dungeon)
 l - a +1 helmet (worn)
   (You found it on level 1 of the Dungeon)
 A - a +0 pair of gloves (worn)
   (You found it on level 4 of the Dungeon)
 I - +0 steam dragon scales (worn)
   (You found it on level 7 of the Dungeon)
Magical Staves
 x - a staff of poison {!astaff}
   (You found it on level 3 of the Dungeon)
Jewellery
 g - a +6 ring of intelligence (left hand)
   (You found it on level 1 of the Dungeon)
 o - a ring of protection from fire
   (You found it on level 2 of the Dungeon)
 q - a +4 ring of evasion
   (You found it on level 7 of the Dungeon)
 t - a +6 ring of intelligence (right hand)
   (You found it on level 3 of the Dungeon)
 z - a +4 ring of slaying
   (You found it on level 4 of the Dungeon)
 G - a ring of protection from fire
   (You found it on level 6 of the Dungeon)
 L - the ring of Liqen {+Blink Fly rN+ Int+3}
   (You found it on level 8 of the Dungeon)

   [ring of flight]

   Int:       It affects your intelligence (+3).
   rN:        It protects you from negative energy.
   Fly:       It grants you flight.
   +Blink:    It lets you blink.
Wands
 s - a wand of flame (6)
   (You took it off Natasha on level 3 of the Dungeon)
 K - a wand of paralysis (4)
   (You found it on level 8 of the Dungeon)
Scrolls
 d - 2 scrolls of teleportation {@r4}
 h - 5 scrolls of noise {!r}
 m - 2 scrolls of magic mapping {!r}
 p - 2 scrolls of vulnerability {!r!r}
 u - a scroll of brand weapon
 B - 2 scrolls of immolation {!r!r}
 J - a scroll of blinking {!r}
 N - a scroll of enchant armour
Potions
 c - a potion of attraction {!q}
 j - 2 potions of might
 k - a potion of haste {@q3}
 r - 2 potions of brilliance
 v - a potion of curing {@q1}
 C - 2 potions of cancellation {unknown}
 D - a potion of invisibility {unknown}
 F - a potion of lignification {!q}
 O - a potion of heal wounds {@q2}

Dungeon Overview and Level Annotations

Branches:
Dungeon (10/15)            Temple (0/1) D:4            Lair (0/6) D:8
    Orc: D:9-12

Shops:
D:2 [   D:7 :

Annotations:
D:5 3 runed translucent doors, PaleWalker's ghost, novice GnEE
D:6 2 runed translucent doors

##.....###.#
#.......##.#
#...###...#.# #..#
##..#.##.# ....
#..).##.# #.#.
##..#.##.# #.#.
#...#.##.#
#.......##O##.#
##.....###@##.#
########.#####..#.#
..##............).#
##.#.#.##..#.#.####.##
..#..#..#...... #..#
...###....#### ##.#
...#...##.# #.#
...#.#.##.# #.#
..#..#....## #.#


You could see a two-headed ogre.


Message History

😮 HP[+1] MP[+1]
Your mp is fully restored (22).
As you read the scroll of identify {@r1}, it crumbles to dust.
F - a potion of lignification A centaur comes into view. 😕 HP[+15]
You regained 15 hp, and now have 72/78 hp.
A centaur is nearby!
A centaur is nearby!
A centaur is nearby!
Your +2 spear of venom {polearm} stops dripping with poison.
a - a +2 shortbow (weapon)
{bow} The centaur hits you but does no damage.
The centaur closely misses you. The centaur misses you.
The centaur kicks you. 😕 HP[-1]
You take 1 damage, and now have 71/78 hp.
Your +2 spear of venom {polearm} begins to drip with poison!
b - a +2 spear of venom (weapon)
{polearm} The centaur barely misses you.
The centaur kicks you but does no damage.
You hit the centaur.
The centaur is poisoned.
The centaur closely misses you.
The centaur kicks you but does no damage. 😕 HP[+1]
You barely miss the centaur. You kick the centaur. The centaur hits you.
The centaur closely misses you.
The centaur completely misses you. x2 😕 HP[-5]
You take 5 damage, and now have 67/78 hp.
You hit the centaur.
The centaur looks as sick as possible!
You kick the centaur.
The centaur hits you but does no damage.
The centaur kicks you but does no damage.
The centaur closely misses you. The centaur barely misses you.
You puncture the centaur!
You kill the centaur!
B - 2 scrolls of immolation {!r!r} (gained 1)
Things that are here:
a +3 shortbow {bow}; a centaur corpse 😕 HP[+1]
E - a +3 shortbow {bow} Your +2 spear of venom {polearm} stops dripping with poison.
E - a +3 shortbow (weapon)
{bow} You drop a +2 shortbow {bow}.
Adjust to which letter? (? for menu, Esc to quit)
a - a +3 shortbow (weapon)
{bow} A two-headed ogre comes into view.
It is wielding two +0 giant clubs. 😎 HP[+10]
Your hp is fully restored (78).
A two-headed ogre is nearby!
Shoot: a) +3 shortbow {bow}
Press: ? - help, Q - select action, (/) - cycle Shift-Dir - straight line, f - two-headed ogre
Aim: a two-headed ogre, wielding two +0 giant clubs (asleep, 98% to hit)
You shoot an arrow. The arrow hits the two-headed ogre.
You shoot an arrow. The arrow hits the two-headed ogre!
You shoot an arrow. The arrow hits the two-headed ogre.
Casting: Animate Armour (dangerous; 4% risk of failure)
Confirm with . or Enter, or press ? or * to list all spells.
😎 MP[-4]
You lost 4 mp, and now have 18/22 mp.
Shoot: a) +3 shortbow {bow}
Press: ? - help, Q - select action, (/) - cycle Shift-Dir - straight line, f/p - two-headed ogre
Aim: a two-headed ogre, wielding two +0 giant clubs (moderately wounded, ally target, 80% to hit)
You shoot an arrow. The arrow hits the two-headed ogre.
Your +2 spear of venom {polearm} begins to drip with poison!
b - a +2 spear of venom (weapon)
{polearm} You hit the two-headed ogre.
The two-headed ogre is poisoned.
Your kick misses the two-headed ogre.
The two-headed ogre hits you with a +0 giant club!!
The two-headed ogre misses you. 😮 HP[-28]
You take 28 damage, and now have 50/78 hp.
MASSIVE DAMAGE!! (PAUSE) 😮 MP[+1]
Your animated steam dragon scales hits the two-headed ogre! x2 😮 HP[+1]
The two-headed ogre barely misses you.
The two-headed ogre hits you with a +0 giant club! 😮 HP[-11]
You take 11 damage, and now have 40/78 hp. 😮 HP[+1] MP[+1] Reach: b) +2 spear (venom) {polearm}
Press: ? - help, Dir - move target, f/p - two-headed ogre
Aim: a two-headed ogre, wielding two +0 giant clubs (almost dead, poisoned, about 22% to evade your +2 spear of venom)
You reach to attack!
You hit the two-headed ogre.
Things that are here:
a +2 shortbow {bow}; a centaur corpse; 😮 HP[+1] 😮 MP[+1]
The two-headed ogre looks more healthy. 😮 HP[+1]
You closely miss the two-headed ogre. You kick the two-headed ogre.
The two-headed ogre hits you with a +0 giant club.
* * * LOW HITPOINT WARNING * * *
The two-headed ogre completely misses you. 😨 HP[-5]
You take 5 damage, and now have 38/78 hp.
You completely miss the two-headed ogre.
You kick the two-headed ogre.
The two-headed ogre hits you with a +0 giant club!!
* * * LOW HITPOINT WARNING * * *
The two-headed ogre hits you with a +0 giant club!!
You die...

Skill      XL: |  1  2  3  4  5  6  7  8  9 10 |
---------------+-------------------------------+-----
Bows           | 4 5 6 7 8 |  8.0
Fighting       | 3 |  3.7
Hexes          | 2 3 |  3.0
Translocations | 2 3 |  3.0
Spellcasting   | 1 5 6 |  6.0
Summonings     | 1 5 6 |  6.9
Earth Magic    | 1 5 6 |  6.9
Dodging        | |  1.7
Stealth        | |  0.8

Action                   |  1- 3 |  4- 6 |  7- 9 | 10-12 || total
-------------------------+-------+-------+-------+-------++-------
Melee: Spear             |    60 |    84 |   147 |    56 ||   347
       Punch             |     1 |       |     2 |       ||     3
       Dire flail        |       |       |    12 |     7 ||    19
       Kick              |       |       |    25 |    21 ||    46
 Fire: Shortbow          |    43 |    58 |   203 |    54 ||   358
 Cast: Portal Projectile |       |       |     6 |     4 ||    10
       Animate Armour    |       |       |    13 |    12 ||    25
Evoke: Wand              |       |       |     5 |       ||     5
  Use: Scroll            |     5 |     8 |     2 |     2 ||    17
       Potion            |       |       |     8 |       ||     8
 Stab: Sleeping          |     1 |     3 |       |     3 ||     7
       Distracted        |       |       |     1 |     1 ||     2
Armor: Leather armour    |    29 |    25 |    20 |       ||    74
       Steam dragon scal |       |       |    91 |    46 ||   137
Dodge: Dodged            |    39 |    52 |   162 |    95 ||   348

Levels and vault maps discovered:
D:1:      minmay_arrival_widening_spiral_wide, layout_basic,
          ebering_ecumenical_altar_rust, minmay_surrounded
D:2:      layout_basic, serial_shops, nicolae_shop_statue_plus
D:3:      layout_basic, lemuel_round_altar, portal_sewer_entry_e,
          minmay_circle_x, uniq_natasha
D:4:      layout_loops_cross, lemuel_round_altar,
          minmay_temple_entry_antechambers, corexii_item_surrounded_by_moat,
          kennysheep_pointless_box, uniq_edmund, uniq_pikel
D:5:      wander_river, layout_basic, mainiacjoe_overflow_six_doors_small,
          gammafunk_ghost_icy, abandoned_shop, serial_park_tiny_pond,
          minmay_checkerbox
D:6:      layout_rooms, jmf_multi_god_temple2, uniq_prince_ribbit1
D:7:      layout_loops_cross, mainiacjoe_overflow_small_starburst, serial_shops,
          shop, minivault_26, minmay_misc_feat_columns
D:8:      layout_basic, due_lair_maze_entry_diamond, grunt_ministairs_10
D:9:      layout_loops_ring
D:10:     minmay_the_grid_plus [minmay_the_grid_box_x,
          minmay_the_grid_medium_cups, minmay_the_grid_spin_star,
          minmay_the_grid_outer_circle, minmay_the_grid_prize_shrinking_boxes],
          layout_loops_ring, uniq_erolcha

Notes
Turn   | Place    | Note
-------+----------+-------------------------------------------
     0 | D:1      | spaghetti the Demigod Hunter began the quest for the Orb.
     0 | D:1      | Reached XP level 1. HP: 17/17 MP: 3/3
     0 | D:1      | magus.rc [v1.9.6]
   124 | D:1      | Reached skill level 4 in Bows
   200 | D:1      | Reached XP level 2. HP: 24/24 MP: 4/4
   480 | D:1      | Reached XP level 3. HP: 29/29 MP: 5/5
  1395 | D:2      | Reached skill level 5 in Bows
  1459 | D:2      | Reached XP level 4. HP: 34/36 MP: 6/6
  1590 | D:2      | Found Soatu's Armour Boutique.
  1594 | D:2      | Bought a +0 cloak for 54 gold pieces
  1907 | D:3      | Noticed Natasha
  1910 | D:3      | Killed Natasha
  2067 | D:3      | You pick up a book of Armaments and begin reading...
  2067 | D:3      | You add the spells Stone Arrow, Animate Armour and
                  | Lehudib's Crystal Spear to your library.
  2080 | D:3      | Noticed Natasha
  2084 | D:3      | Killed Natasha
  2085 | D:3      | Reached skill level 6 in Bows
  2085 | D:3      | Reached XP level 5. HP: 41/41 MP: 7/7
  2131 | D:3      | Noticed Natasha
  2143 | D:3      | Killed Natasha
  2856 | D:4      | You pick up a book of the Hunter and begin reading...
  2856 | D:4      | You add the spells Call Canine Familiar, Portal Projectile
                  | and Leda's Liquefaction to your library.
  2874 | D:4      | Found a staircase to the Ecumenical Temple.
  2879 | D:4      | Learned a level 3 spell: Stone Arrow
  3001 | D:4      | Noticed Edmund
  3042 | D:4      | Killed Edmund
  3043 | D:4      | Reached skill level 7 in Bows
  3043 | D:4      | Reached XP level 6. HP: 21/48 MP: 8/8
  3370 | D:4      | Identified the +1 leather armour of the Nexus {Will- rCorr
                  | Str+8 Slay-5}
  3596 | D:4      | Noticed Pikel
  3822 | D:4      | Killed Pikel
  3823 | D:4      | Reached skill level 8 in Bows
  3823 | D:4      | Reached skill level 3 in Fighting
  3823 | D:4      | Reached XP level 7. HP: 34/58 MP: 9/9
  3966 | D:4      | Learned a level 3 spell: Portal Projectile
  4012 | D:5      | Entered Level 5 of the Dungeon
  4121 | D:5      | Reached skill level 1 in Hexes
  4121 | D:5      | Reached skill level 1 in Translocations
  4165 | D:5      | Reached skill level 2 in Hexes
  4165 | D:5      | Reached skill level 2 in Translocations
  4211 | D:5      | Reached skill level 1 in Spellcasting
  4262 | D:5      | Reached XP level 8. HP: 37/66 MP: 11/13
  4517 | D:5      | Noticed PaleWalker's ghost (novice GnEE)
  4543 | D:5      | Found a runed translucent gate.
  4543 | D:5      | Found a runed translucent gate.
  4543 | D:5      | Found a runed translucent gate.
  4695 | D:5      | Reached skill level 2 in Spellcasting
  5193 | D:6      | Reached skill level 3 in Hexes
  5193 | D:6      | Reached skill level 3 in Translocations
  5208 | D:6      | Reached skill level 3 in Spellcasting
  5297 | D:6      | Found a large runed translucent door.
  5297 | D:6      | Found a large runed translucent door.
  5401 | D:6      | Noticed Prince Ribbit
  5409 | D:6      | Killed Prince Ribbit
  5410 | D:6      | Reached skill level 4 in Spellcasting
  5759 | D:6      | Reached skill level 5 in Spellcasting
  5775 | D:6      | Learned a level 4 spell: Animate Armour
  6181 | D:7      | Reached skill level 1 in Summonings
  6181 | D:7      | Reached skill level 1 in Earth Magic
  6318 | D:7      | Reached XP level 9. HP: 40/71 MP: 19/21
  6665 | D:7      | Reached skill level 2 in Summonings
  6670 | D:7      | Reached skill level 2 in Earth Magic
  6763 | D:7      | Gained mutation: You are strong-willed. (Will+) [potion of
                  | mutation]
  6763 | D:7      | Gained mutation: You have a somewhat thin skeletal
                  | structure. (Dex +2, Stealth+) [potion of mutation]
  6763 | D:7      | Gained mutation: You have large cloven feet. [potion of
                  | mutation]
  6763 | D:7      | Gained mutation: Your spells are a little harder to cast,
                  | but a little more powerful. [potion of mutation]
  6764 | D:7      | HP: 12/71 [water moccasin (6)]
  7019 | D:7      | Reached skill level 6 in Spellcasting
  7236 | D:7      | Found Faxt's Book Shop.
  7497 | D:8      | Reached skill level 3 in Summonings
  7497 | D:8      | Reached skill level 3 in Earth Magic
  7792 | D:8      | Found a staircase to the Lair.
  7793 | D:8      | Identified the ring of Liqen {+Blink Fly rN+ Int+3}
  7872 | D:8      | Reached skill level 4 in Earth Magic
  8074 | D:8      | Reached skill level 4 in Summonings
  8115 | D:8      | HP: 15/71 [black bear (11)]
  8613 | D:8      | Reached skill level 5 in Earth Magic
  8619 | D:8      | Reached skill level 5 in Summonings
  9164 | D:8      | Reached XP level 10. HP: 78/78 MP: 11/22
  9930 | D:9      | Reached skill level 6 in Summonings
  9930 | D:9      | Reached skill level 6 in Earth Magic
 10102 | D:9      | HP: 18/78 [poisoned by a killer bee]
 10107 | D:9      | HP: 11/78 [poisoned by a killer bee]
 11358 | D:10     | Entered Level 10 of the Dungeon
 11664 | D:10     | Noticed a two-headed ogre
 11689 | D:10     | HP: 10/78 [two-headed ogre/+0 giant club (28)]
 11689 | D:10     | Mangled by a two-headed ogre

Vanquished Creatures
  Pikel (D:4)
  Prince Ribbit (D:6)
  A wyvern (D:9)
  A yak (D:8)
  A steam dragon (D:7)
  Edmund (D:4)
  2 water moccasins (D:7)
  2 sky beasts
  3 black bears
  An ogre (D:7)
  4 centaurs
  A lemure (D:3)
  3 phantoms
  3 kobold brigands
  7 bullfrogs
  3 necrophages
  3 wights (D:9)
  8 killer bees
  8 hounds
  4 orc priests
  2 jellies (D:6)
  5 orc wizards
  An iguana (D:6)
  Natasha (thrice) (D:3)
  A gnoll (D:1)
  8 adders
  3 worms
  2 dart slugs
  22 orcs
  8 endoplasms
  8 giant cockroaches
  A goblin (D:2)
  7 hobgoblins
  11 jackals
  2 quokkas (D:3)
  6 ball pythons
  5 bats
  5 frilled lizards
  19 kobolds
  3 rats
180 creatures vanquished.

Vanquished Creatures (collateral kills)
  2 shadows (D:10)
  A wyvern (D:10)
  A steam dragon (D:8)
  2 water moccasins (D:8)
  2 orc warriors (D:8)
  3 black bears (D:8)
  2 wights (D:9)
  10 killer bees
  A howler monkey (D:9)
  An orc priest (D:8)
  2 orc wizards (D:8)
  4 orcs (D:8)
  2 kobolds (D:8)
33 creatures vanquished.

Vanquished Creatures (others)
  35 fungi (D:8)
  47 plants (D:8)
82 creatures vanquished.

Grand Total: 295 creatures vanquished

Table legend:
 A = Non-vault XP
 B = Vault XP
 C = Vault XP percentage of total XP
 D = Non-vault monster count
 E = Vault monster count
 F = Vault count percentage of total count
                 A         B        C        D         E       F
            +---------+---------+-------+---------+---------+-------
      Total |    6199 |    3196 |  34.0 |     177 |      35 |  16.5
            +---------+---------+-------+---------+---------+-------
        D:1 |      48 |       4 |   7.7 |      20 |       2 |   9.1
        D:2 |     119 |       0 |   0.0 |      32 |       0 |   0.0
        D:3 |      90 |      56 |  38.4 |      14 |       6 |  30.0
        D:4 |      48 |     775 |  94.2 |       5 |       2 |  28.6
        D:5 |     384 |     384 |  50.0 |      12 |       4 |  25.0
        D:6 |     798 |     283 |  26.2 |      18 |       1 |   5.3
        D:7 |    1201 |       0 |   0.0 |      21 |       0 |   0.0
        D:8 |    1638 |    1266 |  43.6 |      33 |      18 |  35.3
        D:9 |    1538 |       0 |   0.0 |      20 |       0 |   0.0
       D:10 |     335 |     428 |  56.1 |       2 |       2 |  50.0
            +---------+---------+-------+---------+---------+-------

Illustrated notes

Table legend:
 A = Kills in this place as a percentage of kills in entire the game.
 B = Kills by you in this place as a percentage of kills by you in the entire game.
 C = Kills by friends in this place as a percentage of kills by friends in the entire game.
 D = Other kills in this place as a percentage of other kills in the entire game.
 E = Experience gained in this place as a percentage of experience gained in the entire game.
 F = Experience gained in this place divided by the number of levels of this place that you have seen.
                   A       B       C       D       E      F
               +-------+-------+-------+-------+-------+----------------------
         Total | 100.0 | 100.0 | 100.0 |   N/A | 100.0 | 939.5
       Dungeon | 100.0 | 100.0 | 100.0 |   N/A | 100.0 | 939.5
               +-------+-------+-------+-------+-------+----------------------

Table legend: (Time is in decaauts)
 A = Elapsed time spent in this place.
 B = Non-inter-level travel time spent in this place.
 C = Inter-level travel time spent in this place.
 D = Time resting spent in this place.
 E = Time spent auto-exploring this place.
 F = Levels seen in this place.
 G = Mean time per level.
                   A        B        C        D        E       F      G
               +--------+--------+--------+--------+--------+-----+--------+
         Total |  11792 |  11538 |    254 |   2004 |   7974 |  10 | 1179.2 |
       Dungeon |  11792 |  11538 |    254 |   2004 |   7974 |  10 | 1179.2 |
               +--------+--------+--------+--------+--------+-----+--------+

Top non-repeatable levels by time:
     D:8: 2160 daAuts
     D:9: 1782 daAuts
     D:3: 1339 daAuts
     D:7: 1297 daAuts
     D:5: 1143 daAuts
     D:4: 1089 daAuts
     D:6: 1022 daAuts
     D:1: 952 daAuts
     D:2: 672 daAuts
    D:10: 330 daAuts
